 Dungeon Crawl Stone Soup version 0.32-a0-18-g89e19f1974 (webtiles) character file.

Game seed: 14611300346402709114

185 hiems the Chopper (level 5, -3/47 HPs)
             Began as a Hill Orc Fighter on Jan 16, 2024.
             Was a Believer of Sif Muna.
             Slain by an orc priest
             ... wielding a +2 heavy hand axe
              (12 damage)
             ... on level 4 of the Dungeon.
             The game lasted 00:09:30 (1643 turns).

hiems the Chopper (Hill Orc Fighter)                Turns: 1643, Time: 00:09:31

Health: -3/47      AC:  9    Str: 21    XL:     5   Next: 64%
Magic:  5/5        EV:  8    Int:  8    God:    Sif Muna [**....]
Gold:   79         SH:  4    Dex: 10    Spells: 4/4 levels left

rFire   . . .        a - +0 war axe
rCold   . . .        c - +0 buckler
rNeg    . . .        e - +0 chain mail
rPois   .            (no helmet)
rElec   .            (no cloak)
rCorr   .            (no gloves)
SInv    .            (no boots)
Will    .....        (no amulet) Stlth
                     (no ring)
HPRegen 0.27/turn    (no ring)
MPRegen 0.09/turn

%: no passive effects
@: no status effects
A: no striking features
a: Renounce Religion, Convert to Beogh, Channel Magic


You were on level 4 of the Dungeon.
You worshipped Sif Muna.
Sif Muna was pleased with you.
You visited 1 branch of the dungeon, and saw 4 of its levels.

You collected 79 gold pieces.

Inventory:

Hand Weapons
 a - a +0 war axe (weapon)
Missiles
 h - 9 stones
 o - 4 poisoned darts
Armour
 b - a +0 scale mail
 c - a +0 buckler (worn)
 e - a +0 chain mail (worn)
 m - a +0 scale mail
Wands
 r - a wand of digging (9)
 u - a wand of roots (7)
Scrolls
 j - a scroll of fear
 k - a scroll of amnesia
 l - a scroll of noise
 n - a scroll of revelation {unknown}
 q - a scroll of fog (quivered) {unknown}
 s - 2 scrolls of teleportation {unknown}
Potions
 d - a potion of might
 f - 2 potions of lignification {unknown}
 g - a potion of curing {unknown}
 i - a potion of brilliance {unknown}
 p - a potion of haste {unknown}
 t - a potion of mutation {unknown}


   Skills:
 * Level 4.5 Fighting
 + Level 4.9 Axes
 + Level 4.0 Armour
 * Level 1.2 Dodging
 + Level 4.1 Shields


You had 4 spell levels left.
You didn't know any spells.
Your spell library contained the following spells:

 Spells                   Type           Power      Damage    Failure   Level
 Lesser Beckoning         Tloc           0%         N/A       99%         2
 Gell's Gravitas          Tloc           0%         N/A       100%        3
 Teleport Other           Tloc           0%         N/A       100%        3


Dungeon Overview and Level Annotations

Branches:
Dungeon (4/15)
 Temple: D:4-7

Altars:
Sif Muna


Message History

The orc is healed somewhat.
The orc hits you but does no damage.
You slash the orc!
You kill the orc!
Sif Muna accepts your kill.
You slash the orc wizard!
The orc priest looks satisfied for a moment.
The orc wizard hits you with a +0 dagger.
The orc priest mumbles some strange prayers to Beogh against you.
Pain shoots through your body!
You are too injured to fight recklessly!
You are too injured to fight recklessly!
You are too injured to fight recklessly!
You are too injured to fight recklessly!
You are too injured to fight recklessly!
Unknown command.
An orc comes into view. It is wielding a +0 short sword.
The orc wizard hits you but does no damage.
You slash the orc wizard!
You kill the orc wizard!
Sif Muna accepts your kill.
You hit the orc priest but do no damage.
You block the orc priest's attack.
Your Armour skill increases to level 4!
The orc priest hits you with a +2 heavy hand axe.
Items here: $ ) [ †.
You hit the orc priest but do no damage.
The orc priest hits you but does no damage.
The orc priest shouts, "Join the one true god or die!"
You hit the orc priest.
The orc priest is moderately wounded.
The orc priest looks braver for a moment.
You slash the orc priest!
The orc priest is almost dead.
You hit the orc.
The orc priest calls down the wrath of Beogh upon you.
Beogh smites you!
* * * LOW HITPOINT WARNING * * *
The orc hits you but does no damage.
The orc priest hits you with a +2 heavy hand axe!
You die...

......# .##+##..
....... .....+
....... ...+.#
>.....###..+..###.
#..#...#...#...#
#....÷.÷........
+...............
#....o$$........
#....o@.........
#...............
##+###..........#####
..........#######
..........#
..........#
..........#
..........#
..........##


You could see an orc priest and an orc.

Vanquished Creatures
  2 hounds (D:4)
  An iguana (D:4)
  An orc wizard (D:4)
  An adder (D:3)
  A dart slug (D:4)
  2 ribbon worms
  6 orcs
  5 ball pythons
  5 endoplasms
  3 goblins
  3 hobgoblins
  4 quokkas
  6 bats
  3 frilled lizards
  2 kobolds (D:3)
  11 rats
56 creatures vanquished.

Notes
Turn   | Place    | Note
-------+----------+-------------------------------------------
     0 | D:1      | hiems the Hill Orc Fighter began the quest for the Orb.
     0 | D:1      | Reached XP level 1. HP: 19/19 MP: 1/1
   149 | D:1      | Reached XP level 2. HP: 26/27 MP: 2/2
   568 | D:2      | Found a faded altar of an unknown god.
   579 | D:2      | Prayed at the altar of an unknown god.
   579 | D:2      | Became a worshipper of Sif Muna the Loreminder
   579 | D:2      | Reached * piety under Sif Muna
   766 | D:2      | Reached XP level 3. HP: 23/33 MP: 3/3
  1159 | D:3      | Reached XP level 4. HP: 40/40 MP: 4/4
  1353 | D:4      | Reached ** piety under Sif Muna
  1354 | D:4      | Reached XP level 5. HP: 28/47 MP: 5/5
  1384 | D:4      | Reached skill level 1 in Dodging
  1643 | D:4      | Slain by an orc priest

Illustrated notes

Levels and vault maps discovered:
D:1:      dpeg_arrival_ratfight, layout_loops_ring, nrook_mini_backslash
D:2:      layout_loops_ring, dreamdust_ecumenical_altar_angels_and_demons,
          minmay_misc_feat_nine_boxes, uniq_crazy_yiuf_cottage
D:3:      layout_basic, nicolae_figureground_sparkle
D:4:      layout_gridville, grunt_temple_overflow_open, fountainhead,
          minmay_fractal_squares_diagonal_5

Skill      XL: |  1  2  3  4  5 |
---------------+----------------+-----
Fighting       | 4 |  4.5
Axes           | 3 4 |  4.9
Shields        | 4 |  4.1
Dodging        | 1 |  1.2
Armour         | 4 |  4.0

Action                     |  1- 3 |  4- 6 || total
---------------------------+-------+-------++-------
  Melee: War axe           |   120 |    43 ||   163
    Use: Scroll            |     3 |     1 ||     4
 Armour: Scale mail        |    73 |       ||    73
         Chain mail        |    45 |    43 ||    88
  Dodge: Dodged            |    66 |    15 ||    81
  Block: Buckler           |    42 |     9 ||    51

Table legend: (Time is in decaauts)
 A = Elapsed time spent in this place.
 B = Non-inter-level travel time spent in this place.
 C = Inter-level travel time spent in this place.
 D = Time resting spent in this place.
 E = Time spent auto-exploring this place.
 F = Levels seen in this place.
 G = Mean time per level.
                   A        B        C        D        E       F      G
               +--------+--------+--------+--------+--------+-----+--------+
         Total |   1699 |   1603 |     96 |    367 |      0 |   4 |  424.8 |
       Dungeon |   1699 |   1603 |     96 |    367 |      0 |   4 |  424.8 |
               +--------+--------+--------+--------+--------+-----+--------+

Top non-repeatable levels by time:
     D:3: 483 daAuts
     D:2: 446 daAuts
     D:1: 441 daAuts
     D:4: 327 daAuts
